 Dungeon Crawl Stone Soup version 0.31-a0-960-g0fca184906 (webtiles) character file.

Game seed: 5179384649618498295

57628 Kunndt the Geomancer (level 14, -33/86 HPs)
             Began as a Gargoyle Earth Elementalist on Oct 19, 2023.
             Was a High Priest of Sif Muna.
             Annihilated by an enormous slime creature (54 damage)
             ... on level 12 of the Dungeon on Oct 23, 2023.
             The game lasted 01:43:31 (19014 turns).

Kunndt the Geomancer (Gargoyle Earth Elementalist) Turns: 19014, Time: 01:43:31

Health: -33/86     AC: 22    Str: 13    XL:     14   Next: 87%
Magic:  8/28       EV: 19    Int: 22    God:    Sif Muna [*****.]
Gold:   234        SH:  0    Dex: 12    Spells: 5/34 levels left

rFire   . . .        a - +5 woodcutter's axe
rCold   + + .        (shield currently unavailable)
rNeg    + + .        d - +1 robe of the Depths {Regen+ Int+2}
rPois   ∞            n - +0 helmet of Indecent Exposure {+Blink rC+ Will+}
rElec   +            W - +0 cloak {Stlth+}
rCorr   .            h - +0 pair of gloves
SInv    .            A - +0 pair of boots of Context {rN+ Dex+2}
Will    ++...        G - amulet of magic regeneration
Stlth   ++++         l - +4 ring of protection
HPRegen 1.14/turn    c - ring of protection from cold
MPRegen 0.61/turn

%: no passive effects
@: agile, channelling, on berserk cooldown, flying, slowed, studying Axes, very
slow
A: sickness immunity, AC +10, big wings, negative energy resistance 1,
electricity resistance, torment resistance 1, petrification resistance
a: Renounce Religion, Evoke Blink, Channel Magic, Forget Spell, Divine Exegesis


You were on level 12 of the Dungeon.
You worshipped Sif Muna.
Sif Muna was extremely pleased with you.
You visited 3 branches of the dungeon, and saw 20 of its levels.

You collected 1408 gold pieces.
You spent 1174 gold pieces at shops.

Inventory:

Hand Weapons
 a - the +5 woodcutter's axe (weapon)
   (You found it on level 6 of the Dungeon)
 s - a +0 battleaxe
 w - a +0 morningstar
 y - a +5 dire flail of protection
Missiles
 i - 38 poisoned darts
Armour
 d - the +1 robe of the Depths (worn) {Regen+ Int+2}
   (You found it on level 7 of the Dungeon)

   Int+2:     It affects your intelligence (+2).
   Regen+:    It increases your rate of health regeneration.
 h - a +0 pair of gloves (worn)
 n - the +0 helmet of Indecent Exposure (worn) {+Blink rC+ Will+}
   (You bought it in a shop on level 11 of the Dungeon)

   rC+:       It protects you from cold.
   Will+:     It increases your willpower.
   +Blink:    It lets you blink.
 A - the +0 pair of boots of Context (worn) {rN+ Dex+2}
   (You acquired it on level 11 of the Dungeon)

   Dex+2:     It affects your dexterity (+2).
   rN+:       It protects you from negative energy.
 C - a +0 kite shield
 I - +0 steam dragon scales
 W - a +0 cloak of stealth (worn)
Jewellery
 c - a ring of protection from cold (right hand)
 l - a +4 ring of protection (left hand)
 z - a ring of resist corrosion
 B - an amulet of reflection
 G - an amulet of magic regeneration (around neck)
 N - a ring of positive energy
 P - a +6 ring of strength
 R - a +4 ring of slaying
Wands
 p - a wand of flame (7)
 x - a wand of paralysis (24)
 E - a wand of iceblast (6)
 S - a wand of mindburst (8)
Scrolls
 f - a scroll of enchant weapon
 g - 3 scrolls of blinking
 o - 2 scrolls of enchant armour
 q - 3 scrolls of vulnerability
 r - 2 scrolls of fear
 K - 3 scrolls of revelation
 M - a scroll of teleportation
 O - 2 scrolls of identify
 Q - 3 scrolls of fog
 T - a scroll of immolation
Potions
 b - a potion of magic
 e - a potion of brilliance
 j - 5 potions of ambrosia
 k - 6 potions of curing
 m - 2 potions of heal wounds
 t - 2 potions of might
 u - 4 potions of mutation
 v - 4 potions of attraction
 F - 4 potions of cancellation
 J - a potion of resistance
 L - 5 potions of lignification


   Skills:
 * Level 9.2 Fighting
 + Level 7.7 Axes
 + Level 5.3 Armour
 - Level 6.2 Dodging
 + Level 5.6 Stealth
 * Level 10.8 Spellcasting
 * Level 11.5 Conjurations
 + Level 5.0 Hexes
 - Level 2.6 Transmutations
 * Level 13.6 Earth Magic
 + Level 8.2 Invocations
 * Level 3.5 Evocations


You had 5 spell levels left.
You knew the following spells:

 Your Spells              Type           Power      Damage    Failure   Level
a - Sandblast             Erth           100%       2d20      1%          1
b - Stone Arrow           Conj/Erth      100%       3d13      1%          3
c - Bombard               Conj/Erth      30%        9d5       4%          6
d - Brom's Barrelling Bo  Conj/Erth      61%        2d8       1%          4
e - Petrify               Tmut/Erth      47%        N/A       1%          4
f - Leda's Liquefaction   Hex/Erth       26%        N/A       1%          4
g - Lee's Rapid Deconstr  Erth           32%        3d16*     1%          5
h - Passwall              Tmut/Erth      39%        N/A       1%          2

Your spell library contained the following spells:

 Spells                   Type           Power      Damage    Failure   Level
 Magic Dart               Conj           100%       1d8       1%          1
 Jinxbite                 Hex            68%        N/A       1%          2
 Sigil of Binding         Hex            34%        N/A       1%          3
 Tukima's Dance           Hex            34%        N/A       1%          3
 Ensorcelled Hibernation  Hex/Ice        46%        N/A       3%          2
 Mephitic Cloud           Conj/Pois/Air  28%        N/A       3%          3
 Inner Flame              Hex/Fire       23%        N/A       6%          3
 Call Imp                 Summ           22%        N/A       9%          2
 Irradiate                Conj/Tmut      21%        3d18      9%          5
 Ignite Poison            Fire/Tmut/Pois 15%        N/A       12%         3
 Call Canine Familiar     Summ           11%        N/A       17%         3
 Anguish                  Hex/Necr       11%        N/A       19%         4
 Dimensional Bullseye     Hex/Tloc       11%        N/A       19%         4
 Freezing Cloud           Conj/Ice/Air   14%        6-21      32%         5
 Yara's Violent Unravell  Hex/Tmut       14%        3d7       32%         5
 Metabolic Englaciation   Hex/Ice        11%        N/A       47%         5
 Silence                  Hex/Air        11%        N/A       47%         5
 Animate Dead             Necr           11%        N/A       50%         4
 Manifold Assault         Tloc           11%        N/A       50%         4
 Passage of Golubria      Tloc           11%        N/A       50%         4
 Alistair's Intoxication  Tmut/Pois      11%        N/A       65%         5
 Dispersal                Tloc           5%         N/A       100%        6
 Haunt                    Necr/Summ      5%         N/A       100%        7
 Disjunction              Tloc           5%         N/A       100%        8
 Cigotuvi's Dreadful Rot  Necr/Pois/Air  Unusable   N/A       N/A         2

Dungeon Overview and Level Annotations

Branches:
Dungeon (14/15)            Temple (1/1) D:5            Lair (5/5) D:8
  Swamp (0/4) Lair:2        Snake (0/4) Lair:3        Slime (0/5) Lair:5
    Orc (0/2) D:11
 Vaults: D:13-14

Altars:
Ashenzari
Cheibriados
Dithmenos
Elyvilon
Fedhas
Gozag
Hepliaklqana
Kikubaaqudgha
Makhleb
Nemelex Xobeh
Okawaru
Qazlal
Ru
Sif Muna
Trog
Uskayaw
Vehumet
Wu Jian
Xom
Yredelemnul
Zin
The Shining One
Jiyva
Lugonu

Shops:
D:5 :   D:6 [*:?[   D:11 [[(

Portals:
Abyss: Lair:5

Annotations:
D:12 Psyche
Lair:2 exclusion: downstairs
Lair:4 exclusion: downstairs


Innate Abilities, Weirdness & Mutations

You are immune to sickness and miasma.
Your stone body is resilient. (AC +10)
You are immune to poison.
Your large and strong wings let you fly.
You resist negative energy. (rN+)
You are resistant to electric shocks. (rElec)
You are resistant to unholy torment.
You are immune to petrification.


Message History

The electric eel flops around on dry land!
Casting: Bombard (dangerous; 4% risk of failure)
Confirm with . or Enter, or press ? or * to list all spells.
Aiming: Bombard (dangerous; 4% risk of failure)
Press: ? - help, Shift-Dir - straight line, f/p - 13-headed hydra
Aim: a 13-headed hydra (severely wounded, 91% to hit)
The iron shot hits the 13-headed hydra!!!
You kill the 13-headed hydra!
Sif Muna accepts your kill.
The large slime creature seems less drained.
The red ugly thing looks more healthy.
The very large slime creature seems less drained.
The electric eel seems less confused.
The water elemental completely misses you.
The hellwing misses you.
The hellwing hits you but does no damage.
The kobold completely misses you.
You hear some strange, mumbled words.
A swirling arc of seething chaos appears!
An arc of chaos appears from out of thin air!
The arc of chaos hits the kobold.
The arc of chaos hits the large slime creature.
The electric eel dives back into the water!
Two slime creatures merge to form a titanic slime creature.
The water elemental misses you.
The hellwing hits you but does no damage. x2
Casting: Bombard (dangerous; 4% risk of failure)
Confirm with . or Enter, or press ? or * to list all spells.
Okay, then.
Okay, then.
Okay, then.
The ground is no longer liquid beneath you.
The kobold hits you but does no damage. The red ugly thing barely misses you.
The kobold demonologist mumbles some strange words.
The water elemental closely misses you.
A very large slime creature splits.
The hellwing misses you.
The hellwing hits you but does no damage.
The enormous slime creature hits you!!!
Ouch! That really hurt!
You die...

......~~≈≈~....)........
......~≈≈~~........~~≈..
~~≈........~~≈~~.
.K.......4.~≈≈≈~.
........[..~~S~~.
........K{o.~~~..
......KJ5KJK.....
.....#KKuJJ.....
...###E@4...... ...
#..........
.............
...............
...............
...............
.........#.....
.>......###....


You could see a red ugly thing, a titanic slime creature, an enormous slime
creature, a large slime creature, a slime creature, a hellwing (summoned), a
water elemental, a kobold demonologist, a red devil (summoned), an orc warrior,
a kobold brigand, an electric eel, an ufetubus (summoned) and 4 kobolds.

Vanquished Creatures
  Kirke (Lair:5)
  Snorg (D:12)
  Josephine (D:12)
  2 hydras
  Erolcha (D:10)
  A ghost crab (Lair:2)
  2 two-headed ogres (D:11)
  A centaur warrior (D:14)
  A boulder beetle (Lair:5)
  3 thrashing horrors (Lair:5)
  A skeletal warrior (D:13)
  A skyshark (Lair:2)
  Lodul (D:11)
  4 ugly things
  A manticore (D:9)
  A large abomination (Lair:5)
  A cyclops (D:12)
  2 black mambas
  A salamander (Lair:3)
  Maurice (D:11)
  25 elephants
  A torpor snail (Lair:4)
  A gargoyle (D:11)
  Maggie (D:6)
  7 komodo dragons
  13 cane toads
  A kobold demonologist (D:9)
  A rime drake (Lair:5)
  An unseen horror (D:11)
  3 trolls
  20 blink frogs
  4 polar bears (Lair:4)
  2 spectral elephants (Lair:2)
  A raiju (Lair:5)
  7 dream sheep
  A spectral dream sheep (Lair:2)
  3 shadows (D:11)
  A vampire (D:10)
  A spectral black mamba (Lair:2)
  3 ynoxinuls (Lair:5)
  3 slime creatures
  2 spriggans (Lair:5)
  5 wraiths (D:12)
  32 yaks
  9 wyverns
  A spectral komodo dragon (Lair:2)
  7 hogs
  7 basilisks
  4 vampire mosquitoes (D:10)
  3 chaos spawn (Lair:5)
  Edmund (D:5)
  2 nagas (Lair:3)
  24 water moccasins
  A spectral yak (Lair:2)
  A sky beast (D:7)
  2 orc warriors
  3 ice beasts
  A spectral blink frog (Lair:2)
  8 ogres (D:11)
  The ghost of Splishie the Insei, an amateur GnSh of Makhleb (D:3)
  8 centaurs
  A spectral basilisk (Lair:2)
  A kobold brigand (D:3)
  5 phantoms
  9 bullfrogs
  A gnoll sergeant (D:9)
  4 scorpions
  10 small abominations (Lair:5)
  A troll zombie (D:11)
  9 killer bees
  An electric eel (Lair:1)
  7 howler monkeys
  4 orc priests
  5 hounds
  A gnoll bouda (D:5)
  4 jellies
  Jessica (D:3)
  3 iguanas
  17 orc wizards
  4 ogre zombies (D:11)
  16 gnolls
  5 adders
  A shadow imp (D:6)
  2 worms
  3 dart slugs
  26 orcs
  5 endoplasms
  3 giant cockroaches
  2 gnoll zombies (D:11)
  8 hobgoblins
  7 jackals
  5 quokkas
  7 ball pythons
  4 bats
  3 frilled lizards
  13 goblins
  14 kobolds
  2 orc skeletons (D:11)
  14 orc zombies (D:11)
  4 rats
482 creatures vanquished.

Vanquished Creatures (others)
  A howler monkey (D:12)
1 creature vanquished.

Grand Total: 483 creatures vanquished

Notes
Turn   | Place    | Note
-------+----------+-------------------------------------------
     0 | D:1      | Kunndt the Gargoyle Earth Elementalist began the quest for
                  | the Orb.
     0 | D:1      | Reached XP level 1. HP: 10/10 MP: 3/3
     0 | D:1      | Noticed a naga
     2 | D:1      | Noticed a vine stalker
     7 | D:1      | Noticed an octopode
     8 | D:1      | Noticed a barachi
     9 | D:1      | Noticed a spriggan
    11 | D:1      | Noticed a spriggan
    11 | D:1      | Noticed a gargoyle
    13 | D:1      | Noticed a spriggan
    13 | D:1      | Noticed a demigod
    15 | D:1      | Noticed a barachi
    15 | D:1      | Noticed a tengu
    19 | D:1      | Noticed a felid
   250 | D:1      | Reached skill level 1 in Transmutations
   250 | D:1      | Reached XP level 2. HP: 16/16 MP: 3/5
   505 | D:1      | Reached skill level 4 in Earth Magic
  1080 | D:2      | Reached skill level 1 in Fighting
  1080 | D:2      | Reached XP level 3. HP: 20/20 MP: 4/6
  1103 | D:2      | Learned a level 3 spell: Stone Arrow
  1442 | D:2      | Reached XP level 4. HP: 25/25 MP: 4/8
  1800 | D:3      | Found a runed translucent gate.
  1800 | D:3      | Found a runed translucent gate.
  1800 | D:3      | Found a runed translucent gate.
  1802 | D:3      | Noticed a kobold brigand
  1802 | D:3      | Noticed Splishie's ghost (amateur GnSh)
  1878 | D:3      | Noticed Jessica
  1880 | D:3      | Killed Jessica
  1881 | D:3      | Reached skill level 5 in Earth Magic
  1898 | D:3      | Reached XP level 5. HP: 30/30 MP: 6/9
  2322 | D:4      | Noticed a phantom
  2330 | D:4      | Killed a phantom
  2407 | D:4      | Reached XP level 6. HP: 32/35 MP: 7/11
  2559 | D:4      | Reached skill level 6 in Earth Magic
  2873 | D:4      | Reached XP level 7. HP: 40/40 MP: 11/13
  3201 | D:4      | Found a stormy altar of Qazlal.
  3202 | D:4      | Found a shimmering blue altar of Sif Muna.
  3207 | D:4      | Became a worshipper of Sif Muna the Loreminder
  3486 | D:5      | Identified the "Tus Gasabou"
  3486 | D:5      | Entered Level 5 of the Dungeon
  3541 | D:5      | Reached skill level 1 in Conjurations
  3659 | D:5      | Found a staircase to the Ecumenical Temple.
  3725 | D:5      | Reached skill level 1 in Invocations
  3728 | Temple   | Entered the Ecumenical Temple
  4050 | D:5      | Noticed Edmund
  4059 | D:5      | Killed Edmund
  4060 | D:5      | Reached skill level 7 in Earth Magic
  4060 | D:5      | Reached XP level 8. HP: 30/46 MP: 1/15
  4216 | D:5      | Reached skill level 5 in Spellcasting
  4540 | D:5      | Learned a level 2 spell: Passwall
  4545 | D:5      | Learned a level 4 spell: Brom's Barrelling Boulder
  4550 | D:5      | Learned a level 4 spell: Petrify
  4592 | D:5      | Reached * piety under Sif Muna
  4665 | D:5      | Found Tuuf's Book Boutique.
  5258 | D:6      | Found Zameocur's Book Shoppe.
  5273 | D:6      | Reached skill level 5 in Stealth
  5439 | D:6      | Found Ohuavosa's Armour Boutique.
  5449 | D:6      | Bought a +0 cloak for 63 gold pieces
  5709 | D:6      | Found Imisos's Assorted Antiques.
  5717 | D:6      | Bought 2 emerald potions for 32 gold pieces
  5729 | D:6      | Found the +5 woodcutter's axe
  5769 | D:6      | Found Esyzats's Armour Shoppe.
  5779 | D:6      | Bought a +0 helmet for 63 gold pieces
  5831 | D:6      | Noticed Maggie
  5842 | D:6      | Killed Maggie
  5843 | D:6      | Reached skill level 1 in Axes
  5843 | D:6      | Reached skill level 8 in Earth Magic
  5843 | D:6      | Reached XP level 9. HP: 28/52 MP: 0/17
  6019 | D:6      | Found Duleidos's Magic Scroll Boutique.
  6633 | D:7      | Upgraded the game from 0.31-a0-931-g7b59d4eb97 to
                  | 0.31-a0-940-gdaa99269f9
  6827 | D:7      | Found a shadowy altar of Dithmenos.
  6875 | D:7      | Identified the +1 robe of the Depths {Regen+ Int+2}
  6896 | D:7      | Learned a level 4 spell: Leda's Liquefaction
  6935 | D:7      | Found a shimmering altar of Xom.
  6937 | D:7      | Found a glowing silver altar of Zin.
  7136 | D:7      | Identified the +3 shortbow "Gyguutt" {elec, rElec Dex-5
                  | SInv Stlth-}
  7332 | D:7      | Found a shadowy altar of Dithmenos.
  7386 | D:7      | Found a shimmering altar of Xom.
  7406 | D:7      | Reached skill level 1 in Hexes
  7811 | D:7      | Reached skill level 5 in Fighting
  8023 | D:8      | Reached skill level 9 in Earth Magic
  8223 | D:8      | Reached XP level 10. HP: 59/59 MP: 12/19
  8224 | D:8      | Reached skill level 5 in Conjurations
  8509 | D:8      | Reached ** piety under Sif Muna
  8552 | D:8      | Found a staircase to the Lair.
  8974 | D:9      | Reached skill level 1 in Armour
  8987 | D:9      | Found a blossoming altar of Fedhas.
  9042 | D:9      | Reached skill level 10 in Earth Magic
  9090 | D:9      | Noticed a manticore
  9097 | D:9      | Killed a manticore
  9716 | D:9      | Noticed a kobold demonologist
  9721 | D:9      | Noticed an orange demon
  9727 | D:9      | Killed a kobold demonologist
  9728 | D:9      | Reached XP level 11. HP: 43/64 MP: 10/22
  9916 | D:10     | Entered Level 10 of the Dungeon
  9953 | D:10     | Reached skill level 5 in Axes
 10017 | D:10     | Found an iron altar of Okawaru.
 10135 | D:10     | Reached skill level 5 in Invocations
 10305 | D:10     | Noticed Erolcha
 10379 | D:10     | Reached *** piety under Sif Muna
 10469 | D:10     | Killed Erolcha
 10545 | Lair:1   | Entered Level 1 of the Lair of Beasts
 10809 | Lair:1   | Reached skill level 1 in Evocations
 11686 | Lair:2   | Reached skill level 11 in Earth Magic
 11944 | Lair:2   | Reached XP level 12. HP: 64/71 MP: 13/24
 12055 | Lair:2   | Noticed a five-headed hydra
 12061 | Lair:2   | Killed a five-headed hydra
 12096 | Lair:2   | Noticed a skyshark
 12112 | Lair:2   | Killed a skyshark
 12397 | Lair:2   | Reached **** piety under Sif Muna
 12464 | Lair:2   | Found a staircase to the Swamp.
 12464 | Lair:2   | Noticed a ghost crab
 12473 | Lair:2   | Killed a ghost crab
 13317 | Lair:3   | Found a staircase to the Snake Pit.
 13815 | Lair:4   | Reached XP level 13. HP: 73/77 MP: 11/26
 14288 | D:3      | Killed Splishie's ghost
 14539 | D:6      | Bought a book of the Earth for 540 gold pieces
 14545 | D:6      | Learned a level 5 spell: Lee's Rapid Deconstruction
 14552 | D:6      | Learned a level 6 spell: Bombard
 14891 | Lair:4   | Reached ***** piety under Sif Muna
 15239 | Lair:4   | Reached skill level 12 in Earth Magic
 15516 | Lair:5   | Entered Level 5 of the Lair of Beasts
 15705 | Lair:4   | Upgraded the game from 0.31-a0-940-gdaa99269f9 to
                  | 0.31-a0-960-g0fca184906
 15761 | Lair:4   | Reached skill level 5 in Armour
 15783 | Lair:5   | Reached skill level 5 in Dodging
 15790 | Lair:4   | Reached skill level 10 in Conjurations
 15993 | Lair:5   | Noticed Kirke
 16006 | Lair:5   | Received a gift from Sif Muna
 16291 | Lair:5   | Killed Kirke
 16292 | Lair:5   | Reached skill level 10 in Spellcasting
 16625 | Lair:5   | Found a viscous altar of Jiyva.
 16625 | Lair:5   | Found a staircase to the Slime Pits.
 16775 | Lair:5   | Gained mutation: Your large and strong wings let you fly.
                  | [Gargoyle growth]
 16775 | Lair:5   | Reached XP level 14. HP: 73/84 MP: 23/28
 16960 | Lair:5   | Reached skill level 13 in Earth Magic
 17229 | Lair:5   | Found a corrupted altar of Lugonu.
 17229 | Lair:5   | Found a one-way gate to the infinite horrors of the Abyss.
 17889 | D:11     | Found Ykoirint's Antique Armour Shop.
 17915 | D:11     | Bought a glowing cloak for 210 gold pieces
 18016 | D:11     | Noticed Maurice
 18021 | D:11     | Killed Maurice
 18034 | D:11     | Identified a scroll of acquirement
 18034 | D:11     | Acquired the +0 pair of boots of Context {rN+ Dex+2}
 18171 | D:11     | Found Xufim's Antique Weapon Shop.
 18286 | D:11     | Noticed Lodul
 18311 | D:11     | Killed Lodul
 18321 | D:11     | Identified the of Rughar (Sif Muna gifted it to you on
                  | level 11 of the Dungeon)
 18321 | D:11     | Received a gift from Sif Muna
 18408 | D:11     | Bought a bloodstained helmet for 266 gold pieces
 18408 | D:11     | Identified the +0 helmet of Indecent Exposure {+Blink rC+
                  | Will+} (You bought it in a shop on level 11 of the Dungeon)
 18460 | D:11     | Found a staircase to the Orcish Mines.
 18610 | D:11     | Found Gutoiplysei's Antique Armour Emporium.
 18758 | D:12     | Noticed Snorg
 18772 | D:12     | Killed Snorg
 18773 | D:12     | Reached skill level 5 in Hexes
 18853 | D:12     | You are sucked into a shaft and drop 2 floors!
 18981 | D:12     | Noticed Psyche
 18983 | D:12     | Noticed Josephine
 18995 | D:12     | Killed Josephine
 19014 | D:12     | Annihilated by an enormous slime creature

Illustrated notes

Levels and vault maps discovered:
D:1:      shiori_arrival_whats_in_store_for_you, layout_basic
D:2:      layout_rooms
D:3:      layout_basic, gammafunk_ghost_nasty_kobolds, uniq_jessica
D:4:      layout_loops_ring, gammafunk_temple_overflow_statue, serial_forest,
          infiniplex_forest_fountain, infiniplex_forest_end_2,
          infiniplex_forest_clump_small, infiniplex_forest_end_2,
          infiniplex_forest_end_3, infiniplex_forest_lined_room_2,
          minmay_a_box_with_orc_wizards_in_it
D:5:      layout_loops_corners, minmay_temple_entry_mini_moons, serial_shops,
          shop, uniq_edmund
D:6:      layout_cave_pods, serial_shops, shop_fountains, shop,
          nicolae_shop_hallway_plus, nicolae_square_shop, shop, chequers_avenue,
          hangedman_decor_peaks_small, chequers_decorated_corner,
          chequers_serial_rivers_micro_b, kennysheep_pointless_box, uniq_maggie
D:7:      layout_loops_ring, overflow_temple_1_default,
          mainiacjoe_overflow_catch_the_wave, minmay_misc_feat_pillars,
          serial_bayou_crossing
D:8:      layout_gridville, minmay_lair_entry_grove
D:9:      layout_long_grid, fedhas_altar_1, nicolae_figureground_sparkle
D:10:     layout_cave_pools, mainiacjoe_overflow_small_starburst, uniq_erolcha
D:11:     layout_cave_pools, zombieorc1_lemuel, serial_shops,
          nicolae_shop_just_a_little_nook, shop, nicolae_shop_statue_plus,
          grunt_ministairs_2, uniq_maurice, uniq_lodul
D:12:     layout_big_octagon, uniq_snorg, uniq_psyche, uniq_josephine
D:13:     layout_basic, david_vaults_2, minmay_misc_feat_tower
D:14:     layout_rooms, ebering_ghost_xom, serial_co_window_serial,
          co_window_corner_a, co_window_corner_a, co_window_of_opportunity_a,
          co_window_paths_b, co_window_corner_a, co_window_corner_ca,
          co_window_corner_ca, co_window_corner_b, co_window_broadway_b,
          co_window_4corner_a, glass_columns_b, nicolae_tso_swordbearing_angel,
          eino_jars
Temple:   nicolae_temple_bog_church
Lair:1:   layout_long_grid, serial_forest, infiniplex_forest_clump_diagonal,
          infiniplex_forest_clump_double, infiniplex_forest_straight_5,
          infiniplex_forest_clump_small, infiniplex_forest_straight_5,
          infiniplex_forest_lined_corner, infiniplex_forest_straight_2,
          serial_bayou_ford_a, chequers_serial_rivers_room_b,
          chequers_serial_rivers_small_a
Lair:2:   layout_regular_city, nicolae_swamp_entry_spooky
Lair:3:   layout_regular_city, alex1729_snake_entry_snake
Lair:4:   layout_cave_shapes
Lair:5:   hellmonk_lair_end_abyssal_woods, layout_hall_layers, slime_entry_1,
          lemuel_fruit_tree, uniq_kirke

Skill      XL: |  1  2  3  4  5  6  7  8  9 10 11 12 13 14 |
---------------+-------------------------------------------+-----
Transmutations | 1 2 |  2.6
Earth Magic    | 4 5 6 7 8 9 10 11 12 13 | 13.6
Fighting       | 1 2 3 4 5 6 7 8 9 |  9.2
Spellcasting   | 3 4 5 6 7 8 9 10 | 10.8
Stealth        | 3 4 5 |  5.6
Conjurations   | 1 3 4 6 7 9 10 11 | 11.5
Invocations    | 1 2 3 4 5 6 7 8 |  8.2
Axes           | 1 3 4 6 7 |  7.7
Hexes          | 1 2 3 4 5 |  5.0
Armour         | 1 4 5 |  5.3
Dodging        | 2 3 4 5 6 |  6.2
Evocations     | 1 2 3 |  3.5

Action                     |  1- 3 |  4- 6 |  7- 9 | 10-12 | 13-15 || total
---------------------------+-------+-------+-------+-------+-------++-------
  Melee: Unarmed           |     5 |       |       |       |       ||     5
         Dagger            |    14 |     4 |    28 |    46 |       ||    92
         Battleaxe         |       |       |    16 |   119 |   315 ||   450
   Cast: Sandblast         |    46 |    54 |    75 |   102 |    70 ||   347
         Stone Arrow       |       |       |    75 |   220 |   211 ||   506
         Brom's Barrelling |       |       |     1 |       |       ||     1
         Leda's Liquefacti |       |       |       |    14 |    15 ||    29
         Bombard           |       |       |       |       |    47 ||    47
         Lee's Rapid Decon |       |       |       |       |    10 ||    10
         Petrify           |       |       |       |       |     3 ||     3
         Disjunction       |       |       |       |       |     1 ||     1
 Invoke: Channel Magic     |       |       |       |       |     5 ||     5
         Divine Exegesis   |       |       |       |       |     1 ||     1
Ability: Evoke Blink       |       |       |       |       |     2 ||     2
  Evoke: Wand              |       |       |       |     1 |       ||     1
    Use: Scroll            |       |       |    14 |    11 |     2 ||    27
         Potion            |       |       |       |       |     1 ||     1
   Stab: Distracted        |       |       |       |       |     2 ||     2
         Sleeping          |       |       |       |       |     2 ||     2
 Armour: Robe              |    22 |    26 |    80 |   268 |   596 ||   992
         Steam dragon scal |       |       |     4 |       |       ||     4
         Skin              |       |       |       |       |    12 ||    12
  Dodge: Dodged            |    19 |    15 |    44 |   206 |   487 ||   771
  Block: Other             |       |       |    12 |     7 |       ||    19
         Reflection        |       |       |     1 |       |       ||     1

Table legend: (Time is in decaauts)
 A = Elapsed time spent in this place.
 B = Non-inter-level travel time spent in this place.
 C = Inter-level travel time spent in this place.
 D = Time resting spent in this place.
 E = Time spent auto-exploring this place.
 F = Levels seen in this place.
 G = Mean time per level.
                   A        B        C        D        E       F      G
               +--------+--------+--------+--------+--------+-----+--------+
         Total |  19330 |  17812 |   1518 |   3756 |   9343 |  20 |  966.5 |
       Dungeon |  12423 |  11539 |    884 |   2451 |   6430 |  14 |  887.4 |
        Temple |     77 |     77 |      0 |     72 |      0 |   1 |   77.0 |
          Lair |   6829 |   6195 |    634 |   1233 |   2912 |   5 | 1365.8 |
               +--------+--------+--------+--------+--------+-----+--------+

Top non-repeatable levels by time:
     D:5: 1923 daAuts
  Lair:4: 1747 daAuts
     D:7: 1694 daAuts
  Lair:5: 1492 daAuts
     D:6: 1390 daAuts
  Lair:3: 1234 daAuts
  Lair:2: 1232 daAuts
     D:4: 1207 daAuts
     D:9: 1163 daAuts
  Lair:1: 1123 daAuts
     D:1: 1062 daAuts
    D:11: 1019 daAuts
     D:3: 745 daAuts
    D:10: 691 daAuts
     D:8: 683 daAuts
